 Dungeon Crawl Stone Soup version 0.26-a0-612-gd4d190f45e (webtiles) character file.

Game seed: 12112502550955396464

171 Peloso the Shield-Bearer (level 5, -1/47 HPs)
             Began as a Minotaur Fighter on Sept 9, 2020.
             Killed from afar by an orc wizard (9 damage)
             ... with a puff of flame
             ... on level 3 of the Dungeon.
             The game lasted 00:04:45 (2133 turns).

Peloso the Shield-Bearer (Minotaur Fighter)         Turns: 2133, Time: 00:04:46

Health: -1/47      AC: 10    Str: 20    XL:     5   Next: 26%
Magic:  4/4        EV:  8    Int:  5    God:
Gold:   145        SH:  9    Dex: 11    Spells: 4/4 levels left

rFire    . . .     SeeInvis .   a - +0 long sword
rCold    . . .     Faith    .   c - +0 kite shield
rNeg     . . .     Spirit   .   b - +0 scale mail
rPois    .         Reflect  .   (helmet restricted)
rElec    .         Harm     .   (no cloak)
rCorr    .                      (no gloves)
MR       .....                  i - +0 pair of boots
Stlth    ..........             (no amulet)
HPRegen  0.15/turn              (no ring)
MPRegen  0.09/turn              (no ring)

@: lethally poisoned (-1 -> -31)
A: retaliatory headbutt, horns 2, talons 1, thin metallic scales 1
a: no special abilities


You were on level 3 of the Dungeon.
You visited 1 branch of the dungeon, and saw 3 of its levels.

You collected 145 gold pieces.

Inventory:

Hand Weapons
 a - a +0 long sword (weapon)
Armour
 b - a +0 scale mail (worn)
 c - a +0 kite shield (worn)
 i - a +0 pair of boots (worn)
Jewellery
 h - an uncursed ring of positive energy {unknown}
Scrolls
 e - a scroll of remove curse {unknown}
 g - a scroll of amnesia {unknown}
 j - a scroll of enchant armour {unknown}
Potions
 d - 3 potions of might
 k - a potion of mutation
 l - a potion of heal wounds


   Skills:
 + Level 4.4 Fighting
 + Level 4.0 Long Blades
 + Level 4.3 Armour
 + Level 1.8 Dodging
 + Level 4.8 Shields


You had 4 spell levels left.
You didn't know any spells.
Your spell library was empty.

Dungeon Overview and Level Annotations

Branches:
Dungeon (3/15)

Altars:
Elyvilon
Makhleb
Nemelex Xobeh


Innate Abilities, Weirdness & Mutations

You reflexively headbutt those who attack you in melee.
You have a pair of horns on your head.
You have sharp toenails.
You are partially covered in thin metallic scales. (AC +2)


Message History

You are more poisoned.
Unknown command.
You miss something.
You feel very sick. Something hits you but does no damage.
Unknown command.
You closely miss something.
* * * LOW HITPOINT WARNING * * *
You feel very sick.
An orc wizard appears from thin air!
Reactivating autopickup.
You block the orc wizard's attack.
Unknown command.
You closely miss the orc wizard.
The orc wizard is almost dead.
* * * LOW HITPOINT WARNING * * *
You feel very sick.
The orc wizard gestures at you while chanting.
The puff of flame hits you!
You die...

#.. #.. ..###.# #
....#.# # #. #..#.# #..
.##.######....# #...#
.......(.......
#...or######.#....##....
#go@.#...#....##....
####...# #......รท#..
#...# #.....###.#
#...#.###....###..#
#..###...#<...# #.## #.#
###......# #.## #.
##<....# #..# . #.....#
##.. # #...######..


You could see 2 orc wizards, a goblin and a rat.

Vanquished Creatures
  An orc wizard (D:3)
  Terence (D:2)
  Robin (D:2)
  2 adders (D:3)
  3 dart slugs
  A leopard gecko (D:1)
  3 orcs (D:3)
  6 bats
  3 giant cockroaches
  18 goblins
  11 hobgoblins
  4 jackals (D:3)
  3 ball pythons (D:2)
  8 frilled lizards
  7 kobolds
  6 rats
78 creatures vanquished.

Notes
Turn   | Place    | Note
-------+----------+-------------------------------------------
     0 | D:1      | Peloso the Minotaur Fighter began the quest for the Orb.
     0 | D:1      | Reached XP level 1. HP: 19/19 MP: 0/0
   174 | D:1      | Reached XP level 2. HP: 26/27 MP: 1/1
   960 | D:2      | Noticed Terence
   970 | D:2      | Killed Terence
   970 | D:2      | Reached XP level 3. HP: 31/33 MP: 2/2
  1058 | D:2      | Noticed Robin
  1080 | D:2      | Reached XP level 4. HP: 32/40 MP: 3/3
  1086 | D:2      | Killed Robin
  1086 | D:2      | Reached skill level 1 in Dodging
  1163 | D:2      | Found a sparkling altar of Nemelex Xobeh.
  1264 | D:2      | Found a burning altar of Makhleb.
  1773 | D:3      | Gained mutation: You are partially covered in thin metallic
                  | scales. (AC +2) [potion of mutation]
  1773 | D:3      | Gained mutation: You have sharp toenails. [potion of
                  | mutation]
  1981 | D:3      | Found a white marble altar of Elyvilon.
  2051 | D:3      | Reached XP level 5. HP: 42/47 MP: 4/4
  2133 | D:3      | Killed from afar by an orc wizard

Illustrated notes

Levels and vault maps discovered:
D:1:      lightli_arrival_lavapool, layout_loops_corners, serial_bayou_ford_a
D:2:      kennysheep_big_flooded_room, layout_basic, makhleb_altar_promises_db,
          lemuel_round_altar, uniq_terence, uniq_robin
D:3:      layout_rooms, elyvilon_altar_1, uniq_jessica, uniq_sigmund

Skill      XL: |  1  2  3  4  5 |
---------------+----------------+-----
Fighting       | 4 |  4.4
Shields        | 4 |  4.8
Long Blades    | 3 4 |  4.0
Armour         | 4 |  4.3
Dodging        | 1 |  1.8

Action                   |  1- 3 |  4- 6 || total
-------------------------+-------+-------++-------
Melee: Long sword        |    81 |    92 ||   173
       Headbutt          |     4 |     9 ||    13
  Use: Potion            |     2 |     4 ||     6
       Scroll            |       |     4 ||     4
Armor: Scale mail        |    51 |    44 ||    95
Dodge: Dodged            |    31 |    36 ||    67
Block: Kite shield       |    57 |    42 ||    99
       Rpst.: Long sword |     3 |     7 ||    10

Table legend: (Time is in decaauts)
 A = Elapsed time spent in this place.
 B = Non-inter-level travel time spent in this place.
 C = Inter-level travel time spent in this place.
 D = Time resting spent in this place.
 E = Time spent auto-exploring this place.
 F = Levels seen in this place.
 G = Mean time per level.
                   A        B        C        D        E       F      G
               +--------+--------+--------+--------+--------+-----+--------+
         Total |   2194 |   2163 |     31 |      0 |   1597 |   3 |  731.3 |
       Dungeon |   2194 |   2163 |     31 |      0 |   1597 |   3 |  731.3 |
               +--------+--------+--------+--------+--------+-----+--------+

Top non-repeatable levels by time:
     D:1: 915 daAuts
     D:2: 844 daAuts
     D:3: 434 daAuts
